 Dungeon Crawl Stone Soup version 0.20.0-15-g7f486f2 (webtiles) character file.

4861 tof the Basher (level 10, -5/77 HPs)
             Began as a Demonspawn Gladiator on June 24, 2017.
             Was a Priest of Okawaru.
             Slain by Gastronok (19 damage)
             ... on level 9 of the Dungeon.
             The game lasted 00:27:47 (9126 turns).

tof the Basher (Demonspawn Gladiator)               Turns: 9126, Time: 00:27:47

Health: -5/77      AC:  9    Str: 21 (22) XL:     10   Next: 26%
Magic:  0/11       EV: 12    Int:  8 (9)  God:    Okawaru [***...]
Gold:   193        SH:  0    Dex: 24      Spells: 9/9 levels left

rFire    . . .     SeeInvis +   a - +0 mace of Blood {elec, *Slow rPois Int-5 Dex+4}
rCold    . . .     Gourm    .   (no shield)
rNeg     . . .     Faith    +   x - +0 chain mail
rPois    +         Spirit   +   (helmet unavailable)
rElec    .         Reflect  .   o - scarf {cloud immunity}
rCorr    .         Harm     .   (no gloves)
MR       .....     Clarity  +   (no boots)
Stlth    ..........             M - amulet of faith
Regen    0.3/turn               l - +6 ring of strength
MPRegen  0.2/turn               y - +4 ring of intelligence

@: no status effects
A: antennae 3, iridescent scales 2, see invisible, agile 2, clarity, deformed
body, demonic guardian 1, deterioration 1, high mp 1, poison resistance,
screaming 1, magic shield
a: Heroism, Renounce Religion


You were on level 9 of the Dungeon.
You worshipped Okawaru.
Okawaru was most pleased with you.
You were not hungry.

You visited 2 branches of the dungeon, and saw 10 of its levels.

You collected 433 gold pieces.
You spent 240 gold pieces at shops.

Inventory:

Hand Weapons
 a - the +0 mace of Blood (weapon) {elec, *Slow rPois Int-5 Dex+4}
   (You found it on level 7 of the Dungeon)

   Occasionally, upon striking a foe, it will discharge some electrical energy
   and cause terrible harm.
   It affects your intelligence (-5).
   It affects your dexterity (+4).
   It protects you from poison.
   It may slow you when you take damage.
 b - a +0 blowgun
 u - a +1 whip of freezing
Missiles
 d - 3 throwing nets
 h - 8 silver javelins (quivered)
 G - 29 poisoned needles
 K - 9 tomahawks
 T - 4 curare-tipped needles
Armour
 o - a scarf of cloud immunity (worn)
 x - a +0 chain mail (worn)
 V - a +1 cloak of invisibility
Jewellery
 l - a +6 ring of strength (left hand)
 y - a +4 ring of intelligence (right hand)
 D - an uncursed amulet of regeneration
 M - an amulet of faith (around neck)
Wands
 m - a wand of lightning (10/15)
 v - a wand of flame (20/48)
 w - a wand of paralysis (6/24)
 E - a wand of lightning (7/15)
 F - a wand of random effects (17/48)
 O - a wand of polymorph (11/24)
 P - a wand of disintegration (8/24)
 S - a wand of flame (7/48)
 U - a wand of iceblast (11/15)
Scrolls
 c - 3 scrolls of enchant armour
 g - 3 scrolls of teleportation
 k - a scroll of recharging
 n - a scroll of remove curse
 r - a scroll of enchant weapon
 L - a scroll of blinking {unknown}
 Q - 2 scrolls of fear {unknown}
 R - a scroll of magic mapping {unknown}
Potions
 e - 3 potions of curing
 i - 3 potions of might
 j - 2 potions of flight
 p - 3 potions of berserk rage {unknown}
 t - a potion of magic
 z - a potion of brilliance
 A - 2 potions of lignification {unknown}
 B - a potion of ambrosia
 I - a potion of heal wounds
 N - a potion of agility
Books
 s - a book of Minor Magic

   Spells                             Type                      Level
   a - Magic Dart                     Conjuration                  1
   b - Blink                          Translocation                2
   c - Call Imp                       Summoning                    2
   d - Slow                           Hexes                        2
   e - Conjure Flame                  Conjuration/Fire             3
   f - Mephitic Cloud                 Conjuration/Poison/Air       3
 J - a book of Changes

   Spells                             Type                      Level
   a - Beastly Appendage              Transmutation                1
   b - Sticks to Snakes               Transmutation                2
   c - Spider Form                    Transmutation/Poison         3
   d - Ice Form                       Ice/Transmutation            4
   e - Blade Hands                    Transmutation                5
Comestibles
 f - 6 bread rations
 q - 8 royal jellies
 C - 4 fruits
 H - 5 meat rations


   Skills:
 + Level 6.6 Fighting
 * Level 8.5 Maces & Flails
 + Level 5.7 Throwing
 + Level 5.4 Armour
 + Level 6.3 Dodging


You had 9 spell levels left.
You didn't know any spells.

Dungeon Overview and Level Annotations

Branches:
Dungeon (9/15)             Temple (1/1) D:6
   Lair: D:8-11         Orc: D:9-12

Altars:
Ashenzari
Cheibriados
Dithmenos
Elyvilon
Fedhas
Gozag
Hepliaklqana
Kikubaaqudgha
Makhleb
Nemelex Xobeh
Okawaru
Qazlal
Ru
Sif Muna
Trog
Uskayaw
Vehumet
Xom
Yredelemnul
Zin
The Shining One

Shops:
D:6 =   D:8 !

Annotations:
D:9 !deep elf knights x3, Gastronok


Innate Abilities, Weirdness & Mutations

You have a pair of large antennae on your head. (SInv)
You are mostly covered in iridescent scales. (AC +4)
A weak demonic guardian rushes to your aid.
When hurt, damage is shared between your health and your magic reserves.
You have supernaturally acute eyesight. (SInv)
You are very agile. (Dex +4)
You possess an exceptional clarity of mind.
Armour fits poorly on your strangely shaped body.
Your body sometimes deteriorates upon taking damage.
You have an increased reservoir of magic. (+10% MP)
Your system is resistant to poisons. (rPois)
You occasionally shout uncontrollably at your foes.


Message History

You hit Gastronok.
Gastronok is heavily wounded.
Your shadow imp hits Gastronok.
You sock Gastronok!
Gastronok is severely wounded.
Your shadow imp hits Gastronok.
Gastronok bites you!
Your shadow imp hits Gastronok.
You hit Gastronok.
Gastronok is severely wounded.
You feel yourself speed up.
Your shadow imp hits Gastronok.
Gastronok bites you!
* * * LOW HITPOINT WARNING * * *
You hit Gastronok.
Gastronok is severely wounded.
Your shadow imp hits Gastronok but does no damage.
You catch the helpless Gastronok completely off-guard!
You thump Gastronok!
Gastronok is almost dead.
Your shadow imp hits Gastronok.
Gastronok bites you!!
You die...

### #.# #.# #.## #..
#... ..# #.(# #.# #.(#
#.#
#######(.###.###########
.......w................
#.....@5###.###########
#.#####.#.......# ##
#...#........ #.
#...#..##.### ##.
##...#..##.### #..
.............# #..
###...##.#..#.###..
..................
..................


You could see Gastronok and a friendly shadow imp.

Vanquished Creatures
  Pikel (D:3)
  Joseph (D:9)
  Maurice (D:9)
  Grinder (D:4)
  A human (D:8)
  4 hogs (D:8)
  A water moccasin (D:7)
  An orc warrior (D:7)
  3 sky beasts
  2 ice beasts
  A black bear (D:9)
  4 ogres
  A phantom (D:4)
  3 centaurs
  2 big kobolds
  4 bullfrogs
  4 wights (D:8)
  A jelly (D:3)
  A crimson imp (D:7)
  A bullfrog skeleton (D:8)
  An orc priest (D:8)
  Crazy Yiuf (D:7)
  A centaur skeleton (D:6)
  4 hounds
  2 iguanas
  Ijyb (D:3)
  An orc wizard (D:3)
  7 worker ants
  Robin (D:3)
  8 adders
  2 shadow imps
  An ooze (D:1)
  An adder skeleton (D:6)
  A worm (D:2)
  3 dart slugs
  8 leopard geckos
  17 orcs
  A ball python (D:1)
  8 bats
  6 giant cockroaches
  20 goblins
  6 hobgoblins
  7 jackals
  2 quokkas
  5 frilled lizards
  13 kobolds
  A leopard gecko skeleton (D:8)
  2 leopard gecko zombies (D:5)
  5 rats
174 creatures vanquished.

Vanquished Creatures (collateral kills)
  A hungry ghost (D:8)
  An ogre (D:8)
  A giant cockroach (D:8)
3 creatures vanquished.

Vanquished Creatures (others)
  2 orcs (D:3)
  A bat (D:3)
3 creatures vanquished.

Grand Total: 180 creatures vanquished

Notes
Turn   | Place    | Note
-------+----------+-------------------------------------------
     0 | D:1      | tof the Demonspawn Gladiator began the quest for the Orb.
     0 | D:1      | Reached XP level 1. HP: 16/16 MP: 1/1
    89 | D:1      | Gained mutation: You have a pair of small antennae on your head. [demonic ancestry]
    89 | D:1      | Reached XP level 2. HP: 15/22 MP: 2/2
   265 | D:1      | Reached skill level 3 in Maces & Flails
   413 | D:1      | Gained mutation: When hurt, damage is shared between your health and your magic reserves. [demonic ancestry]
   413 | D:1      | Reached XP level 3. HP: 23/27 MP: 3/3
   639 | D:1      | Reached skill level 1 in Armour
  1376 | D:2      | Gained mutation: You are partially covered in iridescent scales. (AC +2) [demonic ancestry]
  1376 | D:2      | Reached XP level 4. HP: 27/34 MP: 2/4
  1876 | D:3      | Noticed Ijyb
  1893 | D:3      | Killed Ijyb
  1893 | D:3      | Reached XP level 5. HP: 19/39 MP: 1/5
  2350 | D:3      | Noticed Robin
  2372 | D:3      | Killed Robin
  2604 | D:4      | Noticed a phantom
  2624 | D:4      | Killed a phantom
  2624 | D:4      | Reached skill level 4 in Maces & Flails
  2624 | D:4      | Reached XP level 6. HP: 37/47 MP: 4/6
  2658 | D:4      | Noticed Grinder
  2697 | D:4      | Paralysed by Grinder for 4 turns
  2707 | D:4      | Paralysed by Grinder for 7 turns
  2729 | D:4      | Paralysed by Grinder for 2 turns
  2811 | D:4      | Paralysed by Grinder for 7 turns
  2824 | D:4      | Killed Grinder
  2824 | D:4      | Gained mutation: You have a pair of antennae on your head. [demonic ancestry]
  2824 | D:4      | Reached XP level 7. HP: 19/52 MP: 3/7
  3088 | D:4      | Noticed Pikel
  3202 | D:3      | Killed Pikel
  3202 | D:3      | Reached skill level 5 in Maces & Flails
  3202 | D:3      | Gained mutation: You are mostly covered in iridescent scales. (AC +4) [demonic ancestry]
  3202 | D:3      | Reached XP level 8. HP: 9/60 MP: 0/8
  3725 | D:5      | Entered Level 5 of the Dungeon
  3820 | D:5      | Found a blossoming altar of Fedhas.
  4569 | D:6      | Found a staircase to the Ecumenical Temple.
  4578 | Temple   | Entered the Ecumenical Temple
  4838 | D:6      | Found Toyrgh's Jewellery Boutique.
  4928 | D:5      | Reached skill level 5 in Dodging
  4929 | D:5      | Reached skill level 6 in Maces & Flails
  5526 | D:7      | Reached skill level 5 in Fighting
  5917 | D:7      | Gained mutation: A weak demonic guardian rushes to your aid. [demonic ancestry]
  5917 | D:7      | Reached XP level 9. HP: 68/68 MP: 9/9
  6206 | D:7      | Found a runed door.
  6416 | D:7      | Noticed Crazy Yiuf
  6429 | D:7      | Killed Crazy Yiuf
  6458 | D:7      | Got a bloodstained mace
  6459 | D:7      | Identified the cursed +0 mace of Blood {elec, *Slow rPois Int-5 Dex+4} (You found it on level 7 of the Dungeon)
  6668 | Temple   | Became a worshipper of Warmaster Okawaru
  6744 | D:8      | Reached skill level 7 in Maces & Flails
  6863 | D:8      | Found Deelaofa's Distillery.
  6867 | D:8      | Bought 2 potions of mutation for 240 gold pieces
  6867 | D:8      | Gained mutation: You have supernaturally acute eyesight. (SInv) [potion of mutation]
  6867 | D:8      | Gained mutation: Your magical capacity is low. (-10% MP) [potion of mutation]
  6867 | D:8      | Gained mutation: You have a pair of large antennae on your head. (SInv) [potion of mutation]
  6867 | D:8      | Gained mutation: You possess an exceptional clarity of mind. [potion of mutation]
  6868 | D:8      | Lost mutation: Your magical capacity is low. (-10% MP) [potion of mutation]
  6868 | D:8      | Lost mutation: You have a pair of large antennae on your head. (SInv) [potion of mutation]
  6868 | D:8      | Gained mutation: You are agile. (Dex +2) [potion of mutation]
  6868 | D:8      | Gained mutation: Armour fits poorly on your strangely shaped body. [potion of mutation]
  6868 | D:8      | Gained mutation: You are very agile. (Dex +4) [potion of mutation]
  6975 | D:8      | Reached skill level 5 in Throwing
  6978 | D:8      | Reached * piety under Okawaru
  7461 | D:8      | Gained mutation: Your system is resistant to poisons. (rPois) [mutagenic meat]
  7462 | D:8      | Gained mutation: You have an increased reservoir of magic. (+10% MP) [mutagenic meat]
  7464 | D:8      | Gained mutation: You occasionally shout uncontrollably at your foes. [mutagenic meat]
  7465 | D:8      | Gained mutation: Your body sometimes deteriorates upon taking damage. [mutagenic meat]
  7542 | D:8      | Reached skill level 8 in Maces & Flails
  7597 | D:8      | Reached skill level 5 in Armour
  7633 | D:8      | Reached ** piety under Okawaru
  8021 | D:8      | Gained mutation: You have a pair of large antennae on your head. (SInv) [demonic ancestry]
  8021 | D:8      | Reached XP level 10. HP: 75/77 MP: 11/11
  8418 | D:9      | Noticed Maurice
  8429 | D:9      | Paralysed by Maurice for 3 turns
  8445 | D:9      | Killed Maurice
  8507 | D:9      | Noticed Joseph
  8529 | D:9      | Killed Joseph
  8529 | D:9      | Reached *** piety under Okawaru
  8805 | D:9      | Found a transporter.
  8823 | D:9      | Noticed a deep elf knight
  8823 | D:9      | Noticed a deep elf knight
  8823 | D:9      | Noticed a deep elf knight
  9105 | D:9      | Noticed Gastronok
  9126 | D:9      | Slain by Gastronok

Skill      XL: |  1  2  3  4  5  6  7  8  9 |
---------------+----------------------------+-----
Throwing       | 2 3 4 5 |  5.7
Maces & Flails | 3 4 5 6 8 |  8.5
Dodging        | 3 4 5 6 |  6.3
Armour         | 1 2 3 4 5 |  5.4
Fighting       | 3 4 5 6 |  6.6

Action                   |  1- 3 |  4- 6 |  7- 9 | 10-12 || total
-------------------------+-------+-------+-------+-------++-------
Melee: Flail             |   106 |   242 |    40 |       ||   388
       Whip              |       |       |   360 |    30 ||   390
       Mace              |       |       |    91 |    41 ||   132
 Fire: Blowgun           |       |       |    15 |    12 ||    27
Invok: Heroism           |       |       |       |     1 ||     1
  Use: Scroll            |       |     7 |     9 |     1 ||    17
       Potion            |       |       |     5 |       ||     5
 Stab: Sleeping          |     1 |       |       |       ||     1
       Distracted        |       |       |     1 |     2 ||     3
  Eat: Chunk             |     2 |     5 |    12 |       ||    19
       Meat ration       |       |       |     1 |       ||     1
       Bread ration      |       |       |     2 |     1 ||     3
Armor: Leather armour    |    27 |     1 |       |       ||    28
       Ring mail         |       |    31 |       |       ||    31
       Chain mail        |       |   119 |   263 |    24 ||   406
Dodge: Dodged            |    92 |   130 |   285 |    34 ||   541
